 Dungeon Crawl Stone Soup version 0.23.1-37-gaa34b87 (webtiles) character file.

Game seed: 14408149637968439804

17762 Lauz the Eclecticist (level 12, -3/59 HPs)
             Began as a Deep Elf Conjurer on Mar 20, 2019.
             Was an Elder of Vehumet.
             Slain by a blink frog (9 damage)
             ... while petrified by a basilisk
             ... on level 4 of the Lair of Beasts.
             The game lasted 01:15:13 (16828 turns).

Lauz the Eclecticist (Deep Elf Conjurer)           Turns: 16828, Time: 01:15:14

Health: -3/59      AC: 16    Str:  5    XL:     12   Next: 21%
Magic:  17/34      EV:  2    Int: 26    God:    Vehumet [****..]
Gold:   683        SH:  0    Dex: 15    Spells: 21/44 levels left

rFire    . . .     SeeInvis .   I - +3 dagger
rCold    . . .     Gourm    .   (no shield)
rNeg     + + +     Faith    .   M - +2 robe {MR+}
rPois    ∞         Spirit   .   m - +2 hat
rElec    .         Reflect  .   J - +2 cloak
rCorr    .         Harm     .   n - +0 pair of gloves (curse)
MR       ++...                  (no boots)
Stlth    ++........             (no amulet)
HPRegen  0.19/turn              l - ring of wizardry
MPRegen  0.24/turn              E - +6 ring of protection

@: petrified
A: no striking features
a: Renounce Religion


You were on level 4 of the Lair of Beasts.
You worshipped Vehumet.
Vehumet was greatly pleased with you.
You were not hungry.

You visited 2 branches of the dungeon, and saw 13 of its levels.
You also visited: Ossuary.

You collected 683 gold pieces.

Inventory:

Hand Weapons
 I - a +3 dagger (weapon)
Armour
 a - a +0 robe
 m - a +2 hat (worn)
 n - a cursed +0 pair of gloves (worn)
 J - a +2 cloak (worn)
 M - a +2 robe of magic resistance (worn)
Jewellery
 h - an uncursed ring of ice
 k - an uncursed ring of resist corrosion
 l - a ring of wizardry (left hand)
 z - a +3 ring of intelligence
 E - a +6 ring of protection (right hand)
 N - an uncursed amulet of magic regeneration {unknown}
Wands
 A - a wand of acid (3)
 D - a wand of iceblast (10)
 F - a wand of flame (23)
 G - a wand of clouds (2)
 H - a wand of paralysis (8)
Scrolls
 b - 10 scrolls of identify
 f - 7 scrolls of remove curse
 j - 9 scrolls of teleportation
 u - a scroll of random uselessness
 x - 2 scrolls of fear
 y - 4 scrolls of noise
 B - 2 scrolls of amnesia
 C - a scroll of blinking {unknown}
 K - 2 scrolls of magic mapping {unknown}
 L - a scroll of fog {unknown}
Potions
 d - 2 potions of magic {unknown}
 e - 3 potions of flight {unknown}
 g - 4 potions of haste {unknown}
 i - 4 potions of resistance {unknown}
 o - 3 potions of berserk rage {unknown}
 p - 7 potions of degeneration {unknown}
 q - a potion of lignification {unknown}
 r - 4 potions of heal wounds {unknown}
 s - a potion of brilliance {unknown}
 t - 5 potions of mutation {unknown}
 v - 12 potions of curing
 w - a potion of cancellation {unknown}
Comestibles
 c - 22 rations


   Skills:
 * Level 8.5 Dodging
 - Level 2.4 Stealth
 + Level 16.6 Spellcasting
 * Level 13.5 Conjurations
 + Level 7.5 Hexes
 - Level 1.0 Fire Magic


You had 21 spell levels left.
You knew the following spells:

 Your Spells              Type           Power        Failure   Level  Hunger
a - Magic Dart            Conj           ####         0%          1    None
b - Dazzling Spray        Conj/Hex       ######       1%          3    None
c - Iskenderun's Mystic   Conj           #######.     1%          4    None
d - Fulminant Prism       Conj/Hex       ######....   1%          4    None
e - Confusing Touch       Hex            ######       1%          1    None
f - Force Lance           Conj/Tloc      ######..     1%          4    None
g - Apportation           Tloc           ###...       1%          1    None
h - Fireball              Conj/Fire      ######....   1%          5    None

Your spell library contained the following spells:

 Spells                   Type           Power        Failure   Level  Hunger
 Bolt of Cold             Conj/Ice       ######....   2%          6    ###....
 Searing Ray              Conj           ######       0%          2    None
 Animate Skeleton         Necr           N/A          1%          1    None
 Summon Small Mammal      Summ           ###.         1%          1    None


Dungeon Overview and Level Annotations

Branches:
Dungeon (9/15)             Temple (0/1) D:4            Lair (4/6) D:8
 Shoals (0/4) Lair:2       Spider (0/4) Lair:2          Orc (0/2) D:9

Altars:
Vehumet

Shops:
D:5 ?   D:8 !


Message History

The blink frog hits you but does no damage.
The blink frog hits you! The blink frog hits you. The basilisk gazes at you.
You resist with almost no effort.
The blink frog hits you but does no damage. x2
The blink frog hits you but does no damage.
The blink frog hits you.
* * * LOW HITPOINT WARNING * * *
The blink frog hits you.
* * * LOW HITPOINT WARNING * * *
The blink frog blinks! x2; The basilisk bites you.
* * * LOW HITPOINT WARNING * * *
The blink frog hits you!
* * * LOW HITPOINT WARNING * * *
The blink frog hits you!
* * * LOW HITPOINT WARNING * * *
The water moccasin bites you but does no damage.
The blink frog hits you but does no damage.
The blink frog hits you!!
You die...

.. ...##
..#####+##.....
..............
#.....>......
#..........##
#.F........###
#...SF......#
#...§@l.F...#
...#...F.....##
##....#.#F.F.
##.....F....
##...>.F...
..#..!....
.#######... .
... .


You could see a basilisk, 8 blink frogs and a water moccasin.

Vanquished Creatures
  2 hydras
  Erica (Lair:2)
  A two-headed ogre (D:9)
  The ghost of crawlian the Shield-Bearer, a novice FoFi (D:7)
  A wolf spider (Lair:2)
  A black mamba (Lair:3)
  The ghost of Vojta the Ducker, a novice SpBe of Trog (D:7)
  A rime drake (Lair:1)
  2 spiny frogs
  4 komodo dragons
  A troll (D:9)
  Grinder (D:6)
  4 blink frogs
  3 hippogriffs
  A spriggan (D:7)
  12 yaks
  3 basilisks (Lair:3)
  A hungry ghost (D:7)
  Eustachio (D:4)
  A steam dragon (D:7)
  3 water moccasins
  7 porcupines
  6 orc warriors
  2 ice beasts
  2 phantoms (D:7)
  10 ogres
  A necrophage (D:7)
  An eye of draining (D:8)
  9 wolves (Lair:2)
  6 centaurs
  5 crocodiles
  10 bullfrogs
  3 gnoll sergeants (D:9)
  2 big kobolds
  2 elf skeletons (D:5)
  7 scorpions
  6 wights
  A howler monkey (D:3)
  4 crimson imps
  A quasit (D:9)
  A human zombie (D:5)
  2 hounds
  3 jellies
  3 centaur zombies (Ossuary)
  4 orc priests
  4 orc wizards
  5 worker ants
  3 iguanas
  A big kobold zombie (Ossuary)
  2 hound zombies
  3 mummies (Ossuary)
  A howler monkey skeleton (D:6)
  7 adders
  5 gnolls
  4 shadow imps
  An ooze (D:4)
  2 worms
  9 dart slugs
  10 leopard geckos
  31 orcs
  A ball python (D:8)
  6 giant cockroaches
  7 goblins
  6 hobgoblins
  9 jackals
  19 kobolds
  7 quokkas
  5 bats
  6 frilled lizards
  A hobgoblin zombie (Ossuary)
  2 kobold zombies (Ossuary)
  2 leopard gecko skeletons
  An orc skeleton (D:5)
  3 orc zombies
  6 rats
  4 fulminant prisms
  5 fungi
  3 plants (Lair:2)
325 creatures vanquished.

Vanquished Creatures (others)
  A rat (D:2)
  119 fulminant prisms
  4 fungi
  4 plants (Lair:2)
128 creatures vanquished.

Grand Total: 453 creatures vanquished

Notes
Turn   | Place    | Note
-------+----------+-------------------------------------------
     0 | D:1      | Lauz the Deep Elf Conjurer began the quest for the Orb.
     0 | D:1      | Reached XP level 1. HP: 10/10 MP: 6/6
    90 | D:1      | Reached XP level 2. HP: 15/15 MP: 4/8
   317 | D:1      | Reached skill level 5 in Conjurations
   361 | D:1      | Reached XP level 3. HP: 19/19 MP: 6/9
   368 | D:1      | Learned a level 3 spell: Dazzling Spray
   921 | D:2      | Found a radiant altar of Vehumet.
   939 | D:2      | Became a worshipper of Vehumet
  1689 | D:3      | Found a faded altar of an unknown god.
  1753 | D:3      | Reached skill level 4 in Spellcasting
  1753 | D:3      | Reached XP level 4. HP: 24/24 MP: 7/12
  2071 | D:3      | Reached XP level 5. HP: 28/28 MP: 5/14
  2114 | D:3      | Reached * piety under Vehumet
  2114 | D:3      | Offered knowledge of Shock by Vehumet.
  2174 | D:3      | Learned a level 4 spell: Iskenderun's Mystic Blast
  2665 | D:3      | Reached skill level 5 in Spellcasting
  2847 | D:4      | Noticed Eustachio
  2851 | D:4      | Killed Eustachio
  2851 | D:4      | Reached skill level 6 in Spellcasting
  2851 | D:4      | Reached XP level 6. HP: 32/32 MP: 2/17
  3340 | D:4      | Found a staircase to the Ecumenical Temple.
  3354 | D:4      | Reached skill level 7 in Spellcasting
  3825 | D:5      | Entered Level 5 of the Dungeon
  3918 | D:5      | Reached XP level 7. HP: 35/36 MP: 1/20
  4084 | D:5      | Found a sand-covered staircase.
  4091 | D:5      | Reached skill level 8 in Spellcasting
  4095 | Ossuary  | Entered an ossuary
  4258 | Ossuary  | Learned a level 4 spell: Fulminant Prism
  4949 | D:5      | Offered knowledge of Flame Tongue by Vehumet.
  4949 | D:5      | Reached skill level 9 in Spellcasting
  5142 | D:5      | Reached ** piety under Vehumet
  5455 | D:5      | Reached XP level 8. HP: 35/41 MP: 14/23
  5844 | D:5      | Found Ziob's Magic Scroll Emporium.
  6004 | D:6      | Reached skill level 10 in Spellcasting
  6293 | D:6      | Reached skill level 1 in Hexes
  6583 | D:6      | Offered knowledge of Throw Flame by Vehumet.
  6591 | D:6      | Reached *** piety under Vehumet
  6974 | D:6      | Noticed Grinder
  6977 | D:6      | Paralysed by Grinder for 2 turns
  6979 | D:6      | Killed Grinder
  6979 | D:6      | Reached skill level 11 in Spellcasting
  7389 | D:7      | Reached XP level 9. HP: 44/44 MP: 3/26
  7811 | D:7      | Learned a level 1 spell: Confusing Touch
  7816 | D:7      | Reached skill level 12 in Spellcasting
  8139 | D:7      | Offered knowledge of Stone Arrow by Vehumet.
  8431 | D:7      | Found a runed translucent gate.
  8433 | D:7      | Found a runed translucent gate.
  8434 | D:7      | Found a runed translucent gate.
  8435 | D:7      | Noticed Vojta's ghost (novice SpBe)
  8435 | D:7      | Noticed crawlian's ghost (novice FoFi)
  8693 | D:7      | Learned a level 4 spell: Force Lance
  8701 | D:7      | Killed Vojta's ghost
  8702 | D:7      | Killed crawlian's ghost
  8702 | D:7      | Reached skill level 5 in Dodging
  8702 | D:7      | Reached skill level 13 in Spellcasting
  9090 | D:7      | Reached XP level 10. HP: 15/49 MP: 9/29
  9325 | D:8      | Reached **** piety under Vehumet
  9540 | D:8      | Reached skill level 10 in Conjurations
  9540 | D:8      | Reached skill level 5 in Hexes
  9543 | D:8      | Reached skill level 14 in Spellcasting
  9759 | D:8      | Found Regikhli's Distillery.
 10173 | D:8      | Offered knowledge of Fireball by Vehumet.
 10251 | D:8      | Learned a level 1 spell: Apportation
 10397 | D:8      | Found a staircase to the Lair.
 10840 | D:9      | Noticed a two-headed ogre
 10847 | D:9      | Killed a two-headed ogre
 10847 | D:9      | Reached skill level 15 in Spellcasting
 11435 | D:8      | Learned a level 5 spell: Fireball
 11958 | D:9      | Reached XP level 11. HP: 53/53 MP: 24/32
 12132 | D:9      | Found a staircase to the Orcish Mines.
 12449 | Lair:1   | Entered Level 1 of the Lair of Beasts
 13727 | Lair:2   | Noticed a six-headed hydra
 13739 | Lair:2   | Killed a six-headed hydra
 13754 | Lair:2   | Noticed Erica
 13760 | Lair:2   | Killed Erica
 13897 | Lair:2   | Found a hole to the Spider Nest.
 13899 | Lair:2   | Noticed a wolf spider
 13904 | Lair:2   | Killed a wolf spider
 13904 | Lair:2   | Reached skill level 16 in Spellcasting
 14196 | Lair:2   | Reached ***** piety under Vehumet
 14220 | Lair:2   | Offered knowledge of Bolt of Cold by Vehumet.
 14957 | Lair:2   | Found a staircase to the Shoals.
 15148 | Lair:2   | Reached skill level 1 in Fire Magic
 15932 | Lair:3   | Reached XP level 12. HP: 59/59 MP: 18/34
 16115 | Lair:3   | Noticed a seven-headed hydra
 16125 | Lair:3   | Killed a seven-headed hydra
 16828 | Lair:4   | Slain by a blink frog

Skill      XL: |  1  2  3  4  5  6  7  8  9 10 11 |
---------------+----------------------------------+-----
Conjurations   | 5 6 7 8 9 10 13 | 13.5
Spellcasting   | 4 6 7 9 11 13 15 16 | 16.6
Dodging        | 3 5 6 8 |  8.5
Hexes          | 3 4 6 7 |  7.5
Fire Magic     | 1 |  1.0
Stealth        | |  2.4

Action                   |  1- 3 |  4- 6 |  7- 9 | 10-12 || total
-------------------------+-------+-------+-------+-------++-------
Melee: Dagger            |       |       |       |     9 ||     9
 Cast: Magic Dart        |    86 |    94 |   128 |   101 ||   409
       Dazzling Spray    |       |     2 |     3 |    39 ||    44
       Iskenderun's Myst |       |    14 |    49 |    94 ||   157
       Fulminant Prism   |       |       |    44 |    79 ||   123
       Force Lance       |       |       |     1 |       ||     1
       Fireball          |       |       |       |    19 ||    19
       Confusing Touch   |       |       |       |     3 ||     3
  Use: Scroll            |     1 |     4 |     5 |     2 ||    12
       Potion            |       |       |       |     1 ||     1
  Eat: Ration            |     1 |     1 |     5 |     3 ||    10
       Chunk             |       |     3 |     1 |    16 ||    20
Armor: Robe              |     4 |     4 |    23 |    30 ||    61
Dodge: Dodged            |    12 |    24 |    53 |    73 ||   162
